 Dungeon Crawl Stone Soup version 0.27-a0-328-g7f782ed93a (webtiles) character file.

Game seed: 14072868865886013160

140 laceratedsky the Skirmisher (level 5, -17/48 HPs)
             Began as a Minotaur Berserker on Feb 12, 2021.
             Was a Believer of Trog.
             Demolished by an ogre
             ... wielding a +0 giant club
              (20 damage)
             ... on level 4 of the Dungeon.
             The game lasted 00:08:38 (2453 turns).

laceratedsky the Skirmisher (Minotaur Berserker)    Turns: 2453, Time: 00:08:38

Health: -17/48     AC:  8    Str: 23    XL:     5   Next: 2%
Magic:  4/4        EV: 11    Int: 10    God:    Trog [**....]
Gold:   253        SH:  0    Dex:  9    Spells: 4/4 levels left

rFire    + . .     SeeInvis .   g - +1 hand axe (vorpal)
rCold    . . .     Faith    .   (no shield)
rNeg     . . .     Spirit   .   f - +2 ring mail {rF+}
rPois    .         Reflect  .   (helmet restricted)
rElec    .         Harm     .   (no cloak)
rCorr    .         Rampage  .   (no gloves)
Will     +....                  s - +0 pair of boots
Stlth    ..........             (no amulet)
HPRegen  0.16/turn              c - ring of willpower
MPRegen  0.09/turn              i - +6 ring of intelligence

@: no status effects
A: retaliatory headbutt, horns 2
a: Renounce Religion, Berserk, Trog's Hand


You were on level 4 of the Dungeon.
You worshipped Trog.
Trog was pleased with you.
You visited 1 branch of the dungeon, and saw 4 of its levels.

You collected 253 gold pieces.

Inventory:

Hand Weapons
 a - a +0 hand axe
 d - a +1 vorpal hand axe
 g - a +1 vorpal hand axe (weapon)
Missiles
 q - 38 arrows
Armour
 b - a +0 animal skin
 e - a +0 ring mail
 f - a +2 ring mail of fire resistance (worn)
 s - a +0 pair of boots (worn)
Jewellery
 c - a ring of willpower (left hand)
 i - a +6 ring of intelligence (right hand)
 v - a +4 ring of protection {unknown}
 w - a +6 ring of strength {unknown}
Wands
 x - a wand of charming (5)
Scrolls
 h - 4 scrolls of amnesia {unknown}
 j - 2 scrolls of identify
 k - 3 scrolls of magic mapping {unknown}
 l - a scroll of enchant armour {unknown}
 m - a scroll of fog {unknown}
 r - a scroll of immolation {unknown}
 t - a scroll of fear {unknown}
 u - 3 scrolls of teleportation
Potions
 n - 2 potions of flight {unknown}
 o - 3 potions of heal wounds {unknown}
 p - 2 potions of curing {unknown}


   Skills:
 + Level 5.0 Fighting
 + Level 5.0 Axes
 + Level 3.4 Armour
 + Level 2.8 Dodging


You had 4 spell levels left.
You didn't know any spells.
Your spell library was empty.

Dungeon Overview and Level Annotations

Branches:
Dungeon (4/15)
 Temple: D:4-7

Altars:
Hepliaklqana


Innate Abilities, Weirdness & Mutations

You reflexively headbutt those who attack you in melee.
You have a pair of horns on your head.


Message History

You hit the gnoll.
You kill the gnoll!
Trog accepts your kill.
You hit the leopard gecko. The gnoll barely misses you.
The leopard gecko completely misses you.
You furiously retaliate!
You headbutt the leopard gecko, but do no damage.
The gnoll hits you from afar with a +0 halberd!
The gnoll hits you with a +0 club.
Your Axes skill increases to level 5!
You are too injured to fight recklessly!
You are too injured to fight recklessly!
You are too injured to fight recklessly!
You are too injured to fight recklessly!
You are too injured to fight recklessly!
You are too injured to fight recklessly!
You are too injured to fight recklessly!
You hit the gnoll.
You kill the gnoll!
Trog accepts your kill.
You barely miss the leopard gecko.
The leopard gecko bites you but does no damage.
The gnoll hits you from afar with a +0 spear.
The gnoll closely misses you. The leopard gecko bites you.
* * * LOW HITPOINT WARNING * * *
You have reached level 5!
You hit the leopard gecko.
You kill the leopard gecko!
Trog accepts your kill. The gnoll hits you but does no damage.
The gnoll hits you from afar with a +0 halberd!
* * * LOW HITPOINT WARNING * * *
The gnoll hits you but does no damage.
Unknown command.
The gnoll hits you but does no damage.
Things that are here:
a +0 halberd; a gnoll corpse
There is a stone staircase leading up here.
The ogre hits you with a +0 giant club!!
You die...

...(.........
#.......... ....
##......... ....
.......... .....
#......g. ####.....
#....g###........
######).)g........
.........#O...#.#
#######..#.@..#
#####.........#
##.............#
##..............#
####..........>....#
#..................#
#.........†........#
#..................#
#..................#


You could see an ogre and 2 gnolls.

Vanquished Creatures
  An adder (D:2)
  6 gnolls
  An ooze (D:2)
  A worm (D:3)
  2 dart slugs
  A leopard gecko (D:4)
  9 bats
  2 giant cockroaches (D:1)
  8 hobgoblins
  2 jackals (D:2)
  4 kobolds
  A quokka (D:3)
  3 ball pythons
  6 frilled lizards
  6 goblins
  9 rats
62 creatures vanquished.

Notes
Turn   | Place    | Note
-------+----------+-------------------------------------------
     0 | D:1      | laceratedsky the Minotaur Berserker began the quest for the
                  | Orb.
     0 | D:1      | Reached XP level 1. HP: 19/19 MP: 0/0
   374 | D:1      | Reached XP level 2. HP: 23/27 MP: 1/1
   533 | D:1      | Reached ** piety under Trog
   786 | D:1      | Reached XP level 3. HP: 33/33 MP: 2/2
  1198 | D:2      | Reached XP level 4. HP: 34/41 MP: 3/3
  1865 | D:3      | Found a faded altar of an unknown god.
  1919 | D:3      | Reached skill level 5 in Fighting
  2013 | D:3      | Found a hazy altar of Hepliaklqana.
  2443 | D:4      | Noticed an ogre
  2447 | D:4      | Reached skill level 5 in Axes
  2448 | D:4      | Reached XP level 5. HP: 12/48 MP: 4/4
  2448 | D:4      | HP: 2/48 [gnoll/+0 halberd (10)]
  2453 | D:4      | Demolished by an ogre

Illustrated notes

Levels and vault maps discovered:
D:1:      psy_arrival_dodecagon, layout_loops_ring
D:2:      layout_loops_ring
D:3:      layout_basic, lemuel_round_altar, chequers_ecumenical_altar_simple
D:4:      layout_rooms, serial_shops, kennysheep_mini, uniq_crazy_yiuf_cottage

Skill      XL: |  1  2  3  4 |
---------------+-------------+-----
Axes           | 4 5 |  5.0
Fighting       | 4 5 |  5.0
Armour         | 3 |  3.4
Dodging        | |  2.8

Action                   |  1- 3 |  4- 6 || total
-------------------------+-------+-------++-------
Melee: Hand axe          |    61 |    47 ||   108
       Headbutt          |     7 |     5 ||    12
  Use: Scroll            |     3 |       ||     3
Armor: Ring mail         |    19 |    22 ||    41
Dodge: Dodged            |    27 |    32 ||    59

Table legend: (Time is in decaauts)
 A = Elapsed time spent in this place.
 B = Non-inter-level travel time spent in this place.
 C = Inter-level travel time spent in this place.
 D = Time resting spent in this place.
 E = Time spent auto-exploring this place.
 F = Levels seen in this place.
 G = Mean time per level.
                   A        B        C        D        E       F      G
               +--------+--------+--------+--------+--------+-----+--------+
         Total |   2459 |   2348 |    111 |    170 |   1725 |   4 |  614.8 |
       Dungeon |   2459 |   2348 |    111 |    170 |   1725 |   4 |  614.8 |
               +--------+--------+--------+--------+--------+-----+--------+

Top non-repeatable levels by time:
     D:1: 940 daAuts
     D:2: 918 daAuts
     D:3: 539 daAuts
     D:4: 61 daAuts
